 Dungeon Crawl Stone Soup version 0.23.2-40-g277498a001 (webtiles) character file.

Game seed: 17076297579750561192

1963 Emblim88 the Magician (level 9, 0/69 HPs)
             Began as a Gnoll Warper on Aug 24, 2019.
             Was an Initiate of Wu Jian.
             Slain by an ogre
             ... wielding a +0 giant club
              (8 damage)
             ... on level 9 of the Dungeon.
             The game lasted 00:19:26 (8058 turns).

Emblim88 the Magician (Gnoll Warper)                Turns: 8058, Time: 00:19:26

Health: 0/69       AC: 11    Str: 13    XL:     9   Next: 19%
Magic:  13/18      EV: 16    Int: 16    God:    Wu Jian [......]
Gold:   320        SH:  0    Dex: 18    Spells: 4/20 levels left

rFire    . . .     SeeInvis .   a - +0 falchion
rCold    . . .     Gourm    .   (no shield)
rNeg     . . .     Faith    .   b - +0 leather armour
rPois    .         Spirit   .   w - +0 helmet
rElec    .         Reflect  .   i - +1 cloak
rCorr    .         Harm     .   g - +0 pair of gloves
MR       +....                  C - +0 pair of boots {Fly}
Stlth    +++.......             (no amulet)
HPRegen  0.21/turn              u - ring of protection from magic
MPRegen  0.16/turn              D - +3 ring of slaying

@: flying
A: distributed training, fangs 1, icy blue scales 1, MP-powered wands, strong
nose
a: Renounce Religion, Stop Flying


You were on level 9 of the Dungeon.
You worshipped Wu Jian.
Wu Jian was noncommittal.
You were not hungry.

You visited 2 branches of the dungeon, and saw 10 of its levels.

You collected 320 gold pieces.

Inventory:

Hand Weapons
 a - a +0 falchion (weapon)
 y - a +3 halberd
 B - a +4 spear
Missiles
 k - 8 tomahawks (quivered)
Armour
 b - a +0 leather armour (worn)
 g - a +0 pair of gloves (worn)
 i - a +1 cloak (worn)
 o - a +0 chain mail
 w - a +0 helmet (worn)
 C - a +0 pair of boots of flying (worn)
Jewellery
 m - an uncursed ring of see invisible
 n - an uncursed ring of stealth
 u - a ring of protection from magic (left hand)
 D - a +3 ring of slaying (right hand)
Scrolls
 c - a scroll of remove curse
 d - 3 scrolls of blinking
 h - 3 scrolls of enchant armour
 j - 2 scrolls of teleportation
 l - a scroll of magic mapping
 p - 2 scrolls of fog
 q - 2 scrolls of amnesia
 v - 2 scrolls of enchant weapon {unknown}
 F - 2 scrolls of fear {unknown}
 H - a scroll of immolation {unknown}
Potions
 e - a potion of haste {unknown}
 r - a potion of degeneration
 s - 2 potions of mutation
 t - a potion of invisibility
 z - 2 potions of curing
 A - 2 potions of flight {unknown}
 E - a potion of lignification {unknown}
Miscellaneous
 I - a lightning rod (4/4)
Comestibles
 f - 11 rations


   Skills:
 + Level 6.1 Fighting
 + Level 3.9 Short Blades
 + Level 6.1 Long Blades
 + Level 3.9 Axes
 + Level 3.9 Maces & Flails
 + Level 3.9 Polearms
 + Level 3.9 Staves
 + Level 3.9 Slings
 + Level 3.9 Bows
 + Level 3.9 Crossbows
 + Level 4.7 Throwing
 + Level 4.7 Armour
 + Level 6.1 Dodging
 + Level 3.9 Stealth
 + Level 3.9 Shields
 + Level 3.9 Unarmed Combat
 + Level 6.4 Spellcasting
 + Level 3.2 Conjurations
 + Level 3.2 Hexes
 + Level 3.2 Charms
 + Level 3.2 Summonings
 + Level 3.2 Necromancy
 + Level 6.4 Translocations
 + Level 3.2 Transmutations
 + Level 3.2 Fire Magic
 + Level 3.2 Ice Magic
 + Level 3.2 Air Magic
 + Level 3.2 Earth Magic
 + Level 3.2 Poison Magic
 + Level 4.3 Invocations
 + Level 3.9 Evocations


You had 4 spell levels left.
You knew the following spells:

 Your Spells              Type           Power        Failure   Level  Hunger
a - Shroud of Golubria    Chrm/Tloc      ###.......   3%          2    None
b - Blink                 Tloc           N/A          1%          2    None
c - Teleport Other        Tloc           ####....     3%          3    ##.....
d - Passage of Golubria   Tloc           N/A          12%         4    ####...
e - Slow                  Hex            ###.....     6%          2    None
f - Confusing Touch       Hex            ###...       4%          1    None
g - Poisonous Vapours     Pois/Air       ###...       6%          2    None

Your spell library contained the following spells:

 Spells                   Type           Power        Failure   Level  Hunger
 Apportation              Tloc           ####..       1%          1    None
 Gell's Gravitas          Tloc           ####......   3%          3    ##.....
 Lesser Beckoning         Tloc           ####......   3%          3    ##.....
 Animate Skeleton         Necr           N/A          4%          1    None
 Magic Dart               Conj           ###.         4%          1    None
 Summon Small Mammal      Summ           ###.         4%          1    None
 Call Imp                 Summ           ###.....     6%          2    None
 Conjure Flame            Conj/Fire      ###.....     13%         3    ##.....
 Mephitic Cloud           Conj/Pois/Air  ###.....     13%         3    ##.....
 Freezing Cloud           Conj/Ice/Air   ###.......   100%        6    #######
 Ring of Flames           Chrm/Fire      ###.......   100%        7    #######


Dungeon Overview and Level Annotations

Branches:
Dungeon (9/15)             Temple (1/1) D:6
   Lair: D:8-11         Orc: D:9-12

Altars:
Dithmenos
Elyvilon
Fedhas
Gozag
Hepliaklqana
Kikubaaqudgha
Nemelex Xobeh
Okawaru
Qazlal
Ru
Sif Muna
Trog
Uskayaw
Vehumet
Wu Jian
Xom
Yredelemnul
Zin
The Shining One

Annotations:
D:8 Erica, Joseph


Innate Abilities, Weirdness & Mutations

Your experience applies equally to all skills.
You have very sharp teeth.
Your uncanny sense of smell can sniff out nearby items.
You are partially covered in icy blue scales. (AC +2)
You expend magic power (3 MP) to strengthen your wands.


Message History

Your shroud falls apart!
The black bear bites you.
The black bear claws you but does no damage. x2
There is a stone staircase leading down here.
The two-headed ogre closely misses you.
The two-headed ogre hits you with a +0 giant club!!
The ogre completely misses you.
You riposte.
You closely miss the ogre. The killer bee barely misses you.
The black bear barely misses you.
The black bear claws you but does no damage. x2
You fly downwards.
There is a stone staircase leading up here.
Casting: Shroud of Golubria (safe; 3% risk of failure)
Confirm with . or Enter, or press ? or * to list all spells.
Aiming: Passage of Golubria (safe; 12% risk of failure)
Press: ? - help, Dir - move target cursor The two-headed ogre hits you with a +0 giant spiked club!
The two-headed ogre hits you with a +0 giant club!
* * * LOW HITPOINT WARNING * * *
The ogre hits you with a +0 giant club!
You die...

....... ∆
...................
...................
..................
.................
#......(........ ∆
##...............
#.......hO.^.....
#.......O@.......
#........##......
####.....# .....
#.....# ....
###^..........
#...........
#...........
...........
............


You could see a two-headed ogre, a black bear and an ogre.

Vanquished Creatures
  A hippogriff (D:7)
  A sky beast (D:5)
  A black bear (D:6)
  3 ogres
  A centaur (D:6)
  A bullfrog (D:6)
  A scorpion (D:5)
  A howler monkey (D:6)
  A crimson imp (D:6)
  2 hounds
  8 orc wizards
  7 orc priests
  A gnoll shaman (D:5)
  An iguana (D:7)
  5 worker ants
  2 hound skeletons
  A worker ant zombie (D:6)
  9 adders
  16 gnolls
  2 oozes
  2 adder zombies
  2 worms
  6 leopard geckos
  20 orcs
  A ball python (D:3)
  8 bats
  3 giant cockroaches
  6 goblins
  7 hobgoblins
  13 jackals
  4 quokkas
  4 frilled lizards
  2 jackal zombies
  8 kobolds
  2 leopard gecko skeletons
  A quokka skeleton (D:4)
  7 rats
161 creatures vanquished.

Notes
Turn   | Place    | Note
-------+----------+-------------------------------------------
     0 | D:1      | Emblim88 the Gnoll Warper began the quest for the Orb.
     0 | D:1      | Reached XP level 1. HP: 20/20 MP: 6/6
   213 | D:1      | Reached XP level 2. HP: 23/26 MP: 7/7
   471 | D:1      | Reached XP level 3. HP: 27/31 MP: 9/9
   556 | D:1      | Reached skill level 5 in Spellcasting
   841 | D:2      | Reached skill level 1 in Invocations
   848 | D:2      | Learned a level 2 spell: Shroud of Golubria
   851 | D:2      | Learned a level 2 spell: Blink
   855 | D:2      | Learned a level 3 spell: Teleport Other
   878 | D:2      | Reached skill level 1 in Short Blades
   878 | D:2      | Reached skill level 1 in Axes
   878 | D:2      | Reached skill level 1 in Maces & Flails
   878 | D:2      | Reached skill level 1 in Polearms
   878 | D:2      | Reached skill level 1 in Staves
   878 | D:2      | Reached skill level 1 in Slings
   878 | D:2      | Reached skill level 1 in Bows
   878 | D:2      | Reached skill level 1 in Crossbows
   878 | D:2      | Reached skill level 1 in Stealth
   878 | D:2      | Reached skill level 1 in Shields
   878 | D:2      | Reached skill level 1 in Unarmed Combat
   878 | D:2      | Reached skill level 1 in Evocations
   878 | D:2      | Reached XP level 4. HP: 27/38 MP: 8/11
   908 | D:2      | Found a faded altar of an unknown god.
  1331 | D:2      | Reached skill level 1 in Conjurations
  1331 | D:2      | Reached skill level 1 in Hexes
  1331 | D:2      | Reached skill level 1 in Charms
  1331 | D:2      | Reached skill level 1 in Summonings
  1331 | D:2      | Reached skill level 1 in Necromancy
  1331 | D:2      | Reached skill level 1 in Transmutations
  1331 | D:2      | Reached skill level 1 in Fire Magic
  1331 | D:2      | Reached skill level 1 in Ice Magic
  1331 | D:2      | Reached skill level 1 in Air Magic
  1331 | D:2      | Reached skill level 1 in Earth Magic
  1331 | D:2      | Reached skill level 1 in Poison Magic
  1331 | D:2      | Reached XP level 5. HP: 5/43 MP: 9/12
  2390 | D:3      | Reached XP level 6. HP: 31/50 MP: 13/13
  2634 | D:3      | Learned a level 4 spell: Passage of Golubria
  2637 | D:3      | Learned a level 2 spell: Slow
  2937 | D:3      | Found a deep blue altar of Sif Muna.
  2937 | D:3      | Found a hazy altar of Hepliaklqana.
  3230 | D:3      | Gained mutation: You are partially covered in icy blue
                  | scales. (AC +2) [potion of mutation]
  3230 | D:3      | Gained mutation: You expend magic power (3 MP) to
                  | strengthen your wands. [potion of mutation]
  3792 | D:4      | Reached skill level 5 in Fighting
  3792 | D:4      | Reached skill level 5 in Long Blades
  3792 | D:4      | Reached skill level 5 in Dodging
  4237 | D:5      | Entered Level 5 of the Dungeon
  4293 | D:5      | Reached XP level 7. HP: 17/56 MP: 10/15
  5545 | D:5      | Reached XP level 8. HP: 31/63 MP: 12/16
  6437 | D:6      | Found a staircase to the Ecumenical Temple.
  6451 | Temple   | Entered the Ecumenical Temple
  6679 | Temple   | Became a worshipper of the Wu Jian Council
  7029 | D:6      | Found a shadowy altar of Dithmenos.
  7118 | D:6      | Learned a level 1 spell: Confusing Touch
  7121 | D:6      | Learned a level 2 spell: Poisonous Vapours
  7316 | D:7      | Reached XP level 9. HP: 50/69 MP: 18/18
  7472 | D:7      | Found a glowing silver altar of Zin.
  7749 | D:7      | You are sucked into a shaft!
  7758 | D:8      | Noticed a two-headed ogre
  7766 | D:8      | Noticed Joseph
  7779 | D:8      | Noticed Erica
  8058 | D:9      | Slain by an ogre

Skill      XL: |  1  2  3  4  5  6  7  8  9 |
---------------+----------------------------+-----
Spellcasting   | 5 6 |  6.4
Invocations    | 1 2 3 4 |  4.3
Short Blades   | 1 2 3 |  3.9
Axes           | 1 2 3 |  3.9
Maces & Flails | 1 2 3 |  3.9
Polearms       | 1 2 3 |  3.9
Staves         | 1 2 3 |  3.9
Slings         | 1 2 3 |  3.9
Bows           | 1 2 3 |  3.9
Crossbows      | 1 2 3 |  3.9
Stealth        | 1 2 3 |  3.9
Shields        | 1 2 3 |  3.9
Unarmed Combat | 1 2 3 |  3.9
Evocations     | 1 2 3 |  3.9
Conjurations   | 1 2 3 |  3.2
Hexes          | 1 2 3 |  3.2
Charms         | 1 2 3 |  3.2
Summonings     | 1 2 3 |  3.2
Necromancy     | 1 2 3 |  3.2
Transmutations | 1 2 3 |  3.2
Fire Magic     | 1 2 3 |  3.2
Ice Magic      | 1 2 3 |  3.2
Air Magic      | 1 2 3 |  3.2
Earth Magic    | 1 2 3 |  3.2
Poison Magic   | 1 2 3 |  3.2
Throwing       | 3 4 |  4.7
Armour         | 3 4 |  4.7
Fighting       | 5 6 |  6.1
Long Blades    | 5 6 |  6.1
Dodging        | 5 6 |  6.1
Translocations | 6 |  6.4

Action                   |  1- 3 |  4- 6 |  7- 9 || total
-------------------------+-------+-------+-------++-------
Melee: Falchion          |    82 |   245 |   364 ||   691
       Bite              |    12 |    39 |    67 ||   118
       Punch             |       |     7 |     8 ||    15
Throw: Tomahawk          |       |       |    11 ||    11
 Cast: Shroud of Golubri |     1 |     7 |    12 ||    20
       Slow              |       |     3 |     3 ||     6
       Passage of Golubr |       |     1 |     1 ||     2
       Blink             |       |       |     2 ||     2
Invok: Lunge             |       |       |     5 ||     5
  Use: Scroll            |       |    10 |     4 ||    14
       Potion            |       |     1 |     5 ||     6
 Stab: Sleeping          |       |     9 |     2 ||    11
  Eat: Chunk             |       |     4 |     5 ||     9
       Ration            |       |     2 |     3 ||     5
Armor: Leather armour    |    17 |    81 |   136 ||   234
Dodge: Dodged            |    75 |   175 |   344 ||   594
       Rpst.: Falchion   |    26 |    59 |    95 ||   180
